 Dungeon Sprint DCSS version 0.22-a0-283-g1871b15 (webtiles) character file.

70 Ghella the Blocker (level 4, -29/43 HPs)
             Began as a Gargoyle Fighter on Mar 19, 2018.
             Was a Follower of Qazlal.
             Annihilated by a vault warden
             ... wielding a +1 great sword of holy wrath
              (35 damage)
             ... in the Dungeon (Sprint V: "Ziggurat Sprint").
             The game lasted 00:04:42 (590 turns).

Ghella the Blocker (Gargoyle Fighter)                Turns: 590, Time: 00:04:43

Health: -29/43     AC: 11    Str: 37    XL:     4   Next: 21%
Magic:  4/4        EV:  9    Int:  9    God:    Qazlal [*.....]
Gold:   0          SH: 17    Dex:  9    Spells: 3/3 levels left

rFire    . . .     SeeInvis .   J - +5 broad axe
rCold    . . .     Gourm    .   G - +3 shield
rNeg     + . .     Faith    .   b - +0 scale mail
rPois    ∞         Spirit   .   (no helmet)
rElec    +         Reflect  .   (no cloak)
rCorr    .         Harm     .   (no gloves)
MR       .....     NoTele   +   (no boots)
Stlth    ..........             (no amulet)
HPRegen  0.14/turn              A - +6 ring of strength
MPRegen  0.09/turn              B - +6 ring of strength

@: berserking, very quick
A: negative energy resistance 1, electricity resistance, unbreathing,
petrification resistance, rot immunity, AC +3
a: Renounce Religion


You were in the Dungeon.
You worshipped Qazlal.
Qazlal was aware of your devotion.
You were not hungry.

You visited 1 branch

Inventory:

Hand Weapons
 J - a +5 broad axe (weapon)
Armour
 b - a +0 scale mail (worn)
 c - a +5 crystal plate armour
 G - a +3 shield (worn)
 H - the +15 Maxwell's patent armour {-Cast -Tele rElec MR+ rCorr}
   (You found it in the Dungeon)

   It insulates you from electricity.
   It affects your resistance to hostile enchantments.
   It prevents spellcasting.
   It prevents most forms of teleportation.
   It protects you from acid and corrosion.
 I - the +18 shield of the Gong {rElec rN+ MR+ EV-5}
   (You found it in the Dungeon)

   It affects your evasion (-5).
   It insulates you from electricity.
   It protects you from negative energy.
   It affects your resistance to hostile enchantments.
Jewellery
 a - an uncursed ring of fire
 w - a +6 ring of dexterity
 x - a +6 ring of dexterity
 y - a +6 ring of intelligence
 z - a +6 ring of intelligence
 A - a +6 ring of strength (left hand)
 B - a +6 ring of strength (right hand)
Wands
 C - a wand of disintegration (7)
 D - a wand of iceblast (7)
 E - a wand of acid (7)
Scrolls
 k - 4 scrolls of blinking
 q - 4 scrolls of amnesia
 r - 7 scrolls of fog
 s - a scroll of holy word
 t - 5 scrolls of identify
 u - 5 scrolls of remove curse
 v - 2 scrolls of fear
Potions
 d - 5 potions of might
 e - 10 potions of curing
 g - 10 potions of heal wounds
 h - 5 potions of haste
 i - 7 potions of magic
 j - a potion of berserk rage
 l - 2 potions of brilliance
 m - 2 potions of invisibility
 n - 4 potions of resistance
 p - 5 potions of agility
Comestibles
 f - 7 rations


   Skills:
 + Level 4.0 Fighting
 + Level 2.1 Axes
 * Level 7.5 Armour
 * Level 8.1 Shields


You had 3 spell levels left.
You didn't know any spells.

Dungeon Overview and Level Annotations

Branches:
Dungeon (1/1)

Altars:
Ashenzari
Cheibriados
Dithmenos
Elyvilon
Fedhas
Gozag
Hepliaklqana
Kikubaaqudgha
Makhleb
Nemelex Xobeh
Okawaru
Qazlal
Ru
Sif Muna
Trog
Uskayaw
Vehumet
Wu Jian
Xom
Yredelemnul
Zin
The Shining One
Beogh
Jiyva
Lugonu

Annotations:
D 1 transporter


Innate Abilities, Weirdness & Mutations

You are resistant to torment.
Your stone body is resilient. (AC +3)
You are immune to poison.
You resist negative energy. (rN+)
You are resistant to electric shocks. (rElec)
You can survive without breathing.
You are immune to petrification.
You are immune to rotting.


Message History

You closely miss the white ugly thing. You slash something!
You hit the vault warden.
You block the white ugly thing's attack.
The vault warden hits you with a great sword of holy wrath!
* * * LOW HITPOINT WARNING * * *
Something hits you but does no damage.
Deactivating autopickup; reactivate with Ctrl-A.
You slice the white ugly thing!!
The white ugly thing is heavily wounded.
Your shield and scale mail prevent you from hitting something.
You hit the vault warden.
The white ugly thing tail-slaps you but does no damage.
Something hits you but does no damage.
You closely miss the white ugly thing.
The white ugly thing is heavily wounded.
You closely miss something.
You hit the vault warden but do no damage.
The vault warden hits you with a great sword of holy wrath!!
Ouch! That really hurt!
You die...

▓▓▓▓▓▓▓▓▓▓▓▓▓
▓.8©8.▓.8©8.▓
▓.|)[.▓.....▓
▓.....▓...[.▓
▓.....▓.....▓
▓.pu{.▓.....▓
▓..@..▓..©..▓
▓..§..▓▓▓▓▓▓▓
▓▓▓▓▓▓▓


You could see a vault warden and a white ugly thing.

Vanquished Creatures
  2 quasits (D)
2 creatures vanquished.

Notes
Turn   | Place    | Note
-------+----------+-------------------------------------------
     0 | D        | Found the +6 Majin-Bo {vamp, Archmagi MP+6 Int+6}
     0 | D        | Found the +7 great mace "Firestarter" {inner flame, rF++}
     0 | D        | Ghella the Gargoyle Fighter began the quest for the Orb.
     0 | D        | Reached XP level 1. HP: 14/14 MP: 1/1
     0 | D        | Found a deep blue altar of Sif Muna.
     0 | D        | Found a bloodstained altar of Trog.
     0 | D        | Found a sacrificial altar of Ru.
     0 | D        | Found a stormy altar of Qazlal.
     0 | D        | Found an iron altar of Okawaru.
     1 | D        | Found a sparkling altar of Nemelex Xobeh.
     1 | D        | Found a blossoming altar of Fedhas.
     3 | D        | Found a transporter.
     3 | D        | Found an ancient bone altar of Kikubaaqudgha.
     3 | D        | Found a viscous altar of Jiyva.
     3 | D        | Found a corrupted altar of Lugonu.
     3 | D        | Found a hazy altar of Hepliaklqana.
     3 | D        | Found a burning altar of Makhleb.
     3 | D        | Found an opulent altar of Gozag.
    50 | D        | Found the +9 heavy crossbow "Sniper" {velocity, Acc+∞ SInv}
    50 | D        | Found the +10 dark maul {crush}
    50 | D        | Found the +15 Maxwell's patent armour {-Cast -Tele rElec MR+ rCorr}
    50 | D        | Found the +18 shield of the Gong {rElec rN+ MR+ EV-5}
    50 | D        | Found the cursed +14 obsidian axe {chop, +Fly SInv *Curse}
    52 | D        | Found the +6 shillelagh "Devastator" {shatter}
    52 | D        | Found the +11 plutonium sword {*Contam Stlth-}
    52 | D        | Found the +8 lance "Wyrmbane" {slay drac, rPois rF+ rC+ AC+3}
    52 | D        | Found the +9 sword of Zonguldrok {reap}
    52 | D        | Found the cursed +13 scythe of Curses {drain, *Curse}
    52 | D        | Found the +0 sword of Power
    52 | D        | Found the -1 mace of Variability {chaos}
    52 | D        | Found the +7 Singing Sword
    52 | D        | Found the +7 longbow "Piercer" {penet, EV-2}
    73 | D        | Reached skill level 6 in Shields
    73 | D        | Reached XP level 2. HP: 19/19 MP: 2/2
   110 | D        | Became a worshipper of Qazlal Stormbringer
   125 | D        | Entered arena 2.
   125 | D        | Found a transporter.
   145 | D        | Reached skill level 7 in Shields
   145 | D        | Reached XP level 3. HP: 12/24 MP: 3/3
   154 | D        | Reached * piety under Qazlal
   154 | D        | Reached skill level 8 in Shields
   154 | D        | Reached XP level 4. HP: 12/29 MP: 4/4
   585 | D        | Entered arena 3.
   585 | D        | Noticed a vault warden
   585 | D        | Noticed a white ugly thing
   585 | D        | Found a transporter.
   590 | D        | Annihilated by a vault warden

Vault maps used:
D:        sprint_v

Skill      XL: |  1  2  3 |
---------------+----------+-----
Armour         | 6 7 |  7.5
Shields        | 6 7 8 |  8.1
Axes           | 2 |  2.1
Fighting       | 4 |  4.0

Action                   |  1- 3 |  4- 6 || total
-------------------------+-------+-------++-------
Melee: Broad axe         |    25 |     3 ||    28
  Use: Potion            |     4 |     1 ||     5
Armor: Scale mail        |    87 |     3 ||    90
Dodge: Dodged            |    62 |       ||    62
Block: Shield            |    60 |     1 ||    61

Table legend:
 A = Spawn XP
 B = Non-spawn XP
 C = Spawn XP percentage of total XP
 D = Spawn monster count
 E = Non-spawn monster count
 F = Spawn count percentage of total count
 G = Total turns spent on level
                    A         B        C        D         E        F      G
               +---------+---------+-------+---------+---------+-------+---------
         Total |       0 |      90 |   0.0 |       0 |       2 |   0.0 |   590
               +---------+---------+-------+---------+---------+-------+---------
             D |       0 |      90 |   0.0 |       0 |       2 |   0.0 |   590
               +---------+---------+-------+---------+---------+-------+---------
